 Dungeon Crawl Stone Soup version 0.17.0-9-g801d43b (webtiles) character file.

42 tp1 the Magician (level 3, -1/19 HPs)
             Began as a Deep Elf Conjurer on Nov 9, 2015.
             Killed from afar by Terence (7 damage)
             ... with a wand of frost
             ... on level 2 of the Dungeon.
             The game lasted 00:05:15 (2099 turns).

tp1 the Magician (Deep Elf Conjurer)                Turns: 2099, Time: 00:05:15

Health: -1/19      AC:  2    Str:  5    XL:     3   Next: 35%
Magic:  5/11       EV: 13    Int: 20    God:
Gold:   75         SH:  0    Dex: 15    Spells: 2 memorised, 9 levels left

rFire  . . .     SeeInvis .     g - +0 short sword
rCold  . . .     Clarity  .     a - +0 robe
rNeg   . . .     SustAt   .     (no shield)
rPois  .         Gourm    .     (no helmet)
rElec  .         Spirit   .     (no cloak)
rCorr  .         Warding  .     (no gloves)
rMut   .         Stasis   .     (no boots)
MR     .....                    (no amulet)
Stlth  ++........               (no ring)
                                (no ring)

@: not resistant to hostile enchantments, unstealthy
A: no striking features
a: no special abilities


You were on level 2 of the Dungeon.
You were not hungry.

You visited 1 branch of the dungeon, and saw 2 of its levels.

You collected 75 gold pieces.

Inventory:

Hand Weapons
 g - a +0 short sword (weapon)
Armour
 a - a +0 robe (worn)
Scrolls
 f - 2 scrolls of identify {unknown}
 h - a scroll of magic mapping {unknown}
 j - a scroll of remove curse {unknown}
 n - a scroll of blinking {unknown}
 o - a scroll of recharging {unknown}
Potions
 d - 2 potions of cure mutation {unknown}
 e - 3 potions of curing {unknown}
 k - a potion of flight {unknown}
 l - a potion of lignification {unknown}
Books
 b - a book of Conjurations

   Spells                             Type                      Level
   a - Magic Dart                     Conjuration                  1
   b - Searing Ray                    Conjuration                  2
   c - Dazzling Spray                 Conjuration/Hexes            3
   d - Fulminant Prism                Conjuration/Hexes            4
   e - Iskenderun's Mystic Blast      Conjuration                  4
   f - Iskenderun's Battlesphere      Conjuration/Charms           5
Comestibles
 c - a bread ration
 i - a beef jerky
 m - a meat ration


   Skills:
 - Level 2.4 Dodging
 - Level 2.4 Stealth
 - Level 5.1 Spellcasting
 + Level 4.4 Conjurations


You had 9 spell levels left.
You knew the following spells:

 Your Spells              Type           Power        Failure   Level  Hunger
a - Magic Dart            Conj           ###.         1%          1    None
b - Searing Ray           Conj           ###...       2%          2    None


Dungeon Overview and Level Annotations

Branches:
Dungeon (2/15)

Altars:

Annotations:
D:2 Jessica, Terence


Message History

Terence the Incautious comes into view.
He is wielding a trident.
Terence shouts!
Found 18 stones.
Casting: Magic Dart
Confirm with . or Enter, or press ? or * to list all spells.
Aiming: Searing Ray
Press: ? - help, Shift-Dir - straight line, f - Terence
Aim: Terence, wielding a trident and wearing a scale mail The searing ray hits Terence.
Terence hits you from afar with a trident.
The searing ray hits Terence.
Terence is lightly wounded.
Terence zaps a wand.
The puff of frost hits you!
It is a wand of frost.
The searing ray hits Terence.
Terence is lightly wounded.
Terence zaps a wand.
The puff of frost misses you.
The searing ray hits Terence.
Terence is almost dead.
Terence zaps a wand.
The puff of frost hits you!
You die...

. ..#.. .. ###.
#.#.##..(# . ...##.#.#.
.. .###....... .. #
.....).#.# .#
#.##..##.#.# .# #
#......##..###.##.#
#...#.#........#
#...#####@..###
#.#####..## #....$#
#........# #..@....#
######....###.........#
............+........)+
######....###.........#
##.#.# ##.......##
###.# ##.....## ..#


You could see Terence.

Vanquished Creatures
  An adder (D:2)
  5 bats
  2 giant cockroaches (D:1)
  6 goblins
  2 hobgoblins (D:1)
  4 kobolds
  A ball python (D:1)
  A giant gecko (D:1)
  2 giant newts
  3 jackals (D:2)
  4 rats
31 creatures vanquished.

Notes
Turn   | Place    | Note
--------------------------------------------------------------
     0 | D:1      | tp1 the Deep Elf Conjurer began the quest for the Orb.
     0 | D:1      | Reached XP level 1. HP: 10/10 MP: 6/6
   352 | D:1      | Reached XP level 2. HP: 15/15 MP: 6/8
   356 | D:1      | Learned a level 2 spell: Searing Ray
  1756 | D:2      | Reached XP level 3. HP: 19/19 MP: 0/11
  2010 | D:2      | Reached skill level 5 in Spellcasting
  2015 | D:2      | Noticed Jessica
  2095 | D:2      | Noticed Terence
  2099 | D:2      | Killed from afar by Terence

Action                   || total
-------------------------++-------
Melee: Short sword       ||     1
 Cast: Magic Dart        ||    49
       Searing Ray       ||     4
  Eat: Chunk             ||     3
